 Dungeon Crawl Stone Soup version 0.19.4 (webtiles) character file.

93 Raymar the Grave Robber (level 4, -1/30 HPs)
             Began as a Demonspawn Necromancer on Feb 2, 2017.
             Slain by a gnoll
             ... wielding a +0 club
              (4 damage)
             ... on level 3 of the Dungeon.
             The game lasted 00:08:38 (2449 turns).

Raymar the Grave Robber (Demonspawn Necromancer)    Turns: 2449, Time: 00:08:38

Health: -1/30      AC:  2    Str:  8    XL:     4   Next: 37%
Magic:  7/8        EV: 12    Int: 17    God:
Gold:   33         SH:  0    Dex: 16    Spells: 4 memorised, 0 levels left

rFire  . . .     SeeInvis .     o - +1 short sword
rCold  . . .     Gourm    .     a - +0 robe
rNeg   . . .     Faith    .     (no shield)
rPois  .         Spirit   .     (no helmet)
rElec  .         Reflect  .     (no cloak)
rCorr  .         Harm     .     (no gloves)
MR     .....                    (no boots)
Stlth  +++.......               (no amulet)
                                (no ring)
                                (no ring)

@: no status effects
A: thin skeletal structure 1, powered by pain 1
a: no special abilities


You were on level 3 of the Dungeon.
You were not hungry.

You visited 1 branch of the dungeon, and saw 3 of its levels.

You collected 33 gold pieces.

Inventory:

Hand Weapons
 o - a +1 short sword (weapon)
Armour
 a - a +0 robe (worn)
Scrolls
 i - 2 scrolls of amnesia
Potions
 f - a potion of heal wounds
Books
 b - a book of Necromancy

   Spells                             Type                      Level
   a - Pain                           Necromancy                   1
   b - Animate Skeleton               Necromancy                   1
   c - Vampiric Draining              Necromancy                   3
   d - Regeneration                   Charms/Necromancy            3
   e - Animate Dead                   Necromancy                   4
   f - Control Undead                 Necromancy                   4
Comestibles
 c - a bread ration
 d - a chunk of flesh
 g - a meat ration
 k - 2 beef jerkies
 n - 3 fruits


   Skills:
 + Level 1.8 Dodging
 + Level 1.9 Stealth
 + Level 3.2 Spellcasting
 + Level 5.4 Necromancy


You couldn't memorise any spells.
You knew the following spells:

 Your Spells              Type           Power        Failure   Level  Hunger
a - Pain                  Necr           ###.         1%          1    None
b - Animate Skeleton      Necr           N/A          1%          1    None
c - Regeneration          Chrm/Necr      ##........   17%         3    ###....
d - Animate Dead          Necr           N/A          21%         4    ####...


Dungeon Overview and Level Annotations

Branches:
Dungeon (3/15)

Altars:


Innate Abilities, Weirdness & Mutations

You have a somewhat thin skeletal structure. (Dex +2, Stealth)
You sometimes gain a little power by taking damage.


Message History

You hit the gnoll but do no damage.
The gnoll is severely wounded.
The gnoll hits you.
Casting: Pain
Confirm with . or Enter, or press ? or * to list all spells.
Aiming: Pain
Press: ? - help, Shift-Dir - straight line, f/p - gnoll
Aim: a gnoll (severely wounded, chance to defeat MR: 86%)
The gnoll writhes in agony!
You kill the gnoll!
You hit the gnoll but do no damage. The gnoll hits you with a club!
* * * LOW HITPOINT WARNING * * *
You focus on the pain.
You feel your power returning.
Casting: Pain
Confirm with . or Enter, or press ? or * to list all spells.
Aiming: Pain
Press: ? - help, Shift-Dir - straight line, f - gnoll
Aim: a gnoll, wielding a club (chance to defeat MR: 86%)
The gnoll writhes in agony!
The gnoll hits you with a club.
You die...

..# ##)##### ..# #......#
..######### #..###.#
..........# #..# #.#
#.#######.#####..# #.# #.#
#........# #)# #.#
#..#####.# #Z# #.#######ZZ#
#g# #.### ......#....#####@#
#.Z.##
#####...#....)...####Z..###.
###....####..............
##.### #.#####...###.[ #.#
#.# ##.## #.# ##.## .# #.#
##...## .# #.# ##Z#.#.## .#
#.# #.##.##.# .#


You could see a gnoll.

Vanquished Creatures
  2 gnolls (D:3)
  An adder (D:2)
  A worm (D:2)
  2 dart slugs (D:1)
  6 leopard geckos
  3 orcs (D:3)
  A giant cockroach (D:2)
  9 goblins
  3 hobgoblins (D:1)
  4 jackals (D:1)
  9 kobolds
  6 bats
  2 frilled lizards
  2 rats (D:1)
51 creatures vanquished.

Vanquished Creatures (collateral kills)
  A hobgoblin (D:2)
1 creature vanquished.

Grand Total: 52 creatures vanquished

Notes
Turn   | Place    | Note
-------+----------+-------------------------------------------
     0 | D:1      | Raymar the Demonspawn Necromancer began the quest for the Orb.
     0 | D:1      | Reached XP level 1. HP: 13/13 MP: 3/3
   184 | D:1      | Learned a level 1 spell: Animate Skeleton
   251 | D:1      | Gained mutation: You sometimes gain a little power by taking damage. [demonic ancestry]
   251 | D:1      | Reached XP level 2. HP: 14/19 MP: 0/5
   843 | D:1      | Reached skill level 5 in Necromancy
   948 | D:1      | Gained mutation: You have a somewhat thin skeletal structure. (Dex +2, Stealth) [demonic ancestry]
   948 | D:1      | Reached XP level 3. HP: 24/24 MP: 4/6
  1876 | D:2      | Learned a level 3 spell: Regeneration
  2242 | D:3      | Reached XP level 4. HP: 30/30 MP: 5/8
  2252 | D:3      | Learned a level 4 spell: Animate Dead
  2449 | D:3      | Slain by a gnoll

Skill      XL: |  1  2  3 |
---------------+----------+-----
Necromancy     | 5 |  5.4
Spellcasting   | 3 |  3.2
Dodging        | |  1.8
Stealth        | |  1.9

Action                   |  1- 3 |  4- 6 || total
-------------------------+-------+-------++-------
Melee: Unarmed           |    11 |       ||    11
       Short sword       |       |     4 ||     4
 Cast: Pain              |    75 |    16 ||    91
       Animate Skeleton  |    10 |     1 ||    11
       Animate Dead      |       |     2 ||     2
  Use: Scroll            |     6 |       ||     6
       Potion            |     1 |       ||     1
  Eat: Meat ration       |     1 |       ||     1
       Bread ration      |     1 |       ||     1
Armor: Robe              |     3 |     1 ||     4
Dodge: Dodged            |    19 |     2 ||    21
